cohdb
Replays
Latest Replays
All Replays
Popular Replays
Top Player Replays
Match Explorer
How It Works
Community
CoH3 Stats
Reddit
Sign in to upload your games and track your stats! →
Sign in with Steam
Match 41809252
Unlisted
Match 41809252
Overview
Messages
Build Orders
End
Vickers Machine Gun Team
Construct Section Command Post
Infantry Section
Infantry Section
Grenade Package
Selects Canadian Shock Battlegroup
Selects Incendiary Munitions
Infantry Section
Construct Platoon Command Post
Selects Attacking Spirit
Selects Offensive Resupply
6-pounder Anti-tank Gun Team
6-pounder Anti-tank Gun Team
Selects Pyrotechnics
Infantry Section
Einhander
九万年老橙皮
Sinister Swan
HulkSMASH
brady1989723
John Smurfington the Fourth
0
0
Comments
sign in to comment!
No comments posted yet!